 Dungeon Crawl Stone Soup version 0.18-b1-14-g029dad2 (webtiles) character file.

504 Chiseanne the Magician (level 6, -3/67 HPs)
             Began as a Demonspawn Wizard on Apr 30, 2016.
             Was an Initiate of Gozag.
             Slain by unh01y's ghost (7 damage)
             ... on level 4 of the Dungeon.
             The game lasted 00:12:12 (4525 turns).

Chiseanne the Magician (Demonspawn Wizard)          Turns: 4525, Time: 00:12:12

Health: -3/67      AC: 25    Str:  7    XL:     6   Next: 96%
Magic:  0/14       EV:  2    Int: 22    God:    Gozag
Gold:   295        SH:  0    Dex: 14    Spells: 5 memorised, 4 levels left

rFire  . . .     SeeInvis .     a - +5 long sword
rCold  . . .     Gourm    .     (armour currently unavailable)
rNeg   + + +     Faith    .     (no shield)
rPois  +         Spirit   +     (helmet currently unavailable)
rElec  .         Dismiss  .     (cloak currently unavailable)
rCorr  .         Reflect  .     (gloves currently unavailable)
SustAt .         Harm     .     (boots currently unavailable)
MR     .....     NoTele   +     (no amulet)
Stlth  ++........               j - +3 ring of dexterity
                                f - +2 ring of protection

@: tree-form, very slightly contaminated, hasted, very quick, not resistant to
hostile enchantments, unstealthy
A: rugged brown scales 2, powered by pain 1, magic shield
a: Potion Petition, Call Merchant, Bribe Branch, Renounce Religion


You were on level 4 of the Dungeon.
You worshipped Gozag.
Gozag was noncommittal.
You were not hungry.
You were a tree.
You visited 1 branch of the dungeon, and saw 4 of its levels.

You collected 325 gold pieces.
You paid 30 gold pieces to Gozag.

Inventory:

Hand Weapons
 a - a +5 long sword (weapon)
 s - a +2 quarterstaff of chaos
Missiles
 h - 51 arrows
 n - 90 stones (quivered)
 t - 12 poisoned needles
 B - a tomahawk
Armour
 u - a +0 robe (melded)
 z - a +1 cloak (melded)
 C - a +0 helmet (melded)
Jewellery
 f - a +2 ring of protection (left branch)
 j - a +3 ring of dexterity (right branch)
 m - an uncursed ring of see invisible
Wands
 g - a wand of polymorph (0/24)
Scrolls
 b - a scroll of remove curse
 d - 2 scrolls of enchant armour
 i - a scroll of blinking
 p - 2 scrolls of teleportation
Potions
 k - a potion of heal wounds {unknown}
 l - a potion of lignification
 o - a potion of brilliance {unknown}
 r - a potion of might {unknown}
 w - a potion of degeneration {unknown}
 x - a potion of ambrosia {unknown}
 A - a potion of mutation {unknown}
Books
 c - a book of Minor Magic

   Spells                             Type                      Level
   a - Magic Dart                     Conjuration                  1
   b - Blink                          Translocation                2
   c - Call Imp                       Summoning                    2
   d - Repel Missiles                 Charms/Air                   2
   e - Slow                           Hexes                        2
   f - Conjure Flame                  Conjuration/Fire             3
   g - Mephitic Cloud                 Conjuration/Poison/Air       3
 y - a book of Frost

   Spells                             Type                      Level
   a - Freeze                         Ice                          1
   b - Throw Frost                    Conjuration/Ice              2
   c - Ozocubu's Armour               Charms/Ice                   3
   d - Throw Icicle                   Conjuration/Ice              4
   e - Summon Ice Beast               Ice/Summoning                4
Comestibles
 q - a meat ration


   Skills:
 - Level 1.0 Fighting
 - Level 1.7 Dodging
 - Level 1.7 Stealth
 * Level 5.4 Spellcasting
 * Level 5.1 Conjurations
   Level 1.0 Summonings
 - Level 0.8 Translocations


You had 4 spell levels left.
You knew the following spells:

 Your Spells              Type           Power        Failure   Level  Hunger
a - Magic Dart            Conj           ####         1%          1    None
b - Blink                 Tloc           N/A          12%         2    None
c - Repel Missiles        Chrm/Air       #.....       17%         2    None
d - Mephitic Cloud        Conj/Pois/Air  ##......     14%         3    ##.....
e - Conjure Flame         Conj/Fire      ###.....     12%         3    ##.....


Dungeon Overview and Level Annotations

Branches:
Dungeon (4/15)
 Temple: D:4-7

Altars:
Fedhas
Gozag
Qazlal

Annotations:
D:4 unh01y's ghost, amateur MiFi


Innate Abilities, Weirdness & Mutations

(You are mostly covered in rugged brown scales (AC +2, +5% HP).)
You sometimes gain a little power by taking damage.
When hurt, damage is shared between your health and your magic reserves.


Message History

Unh01y's ghost hits you!
* * * LOW HITPOINT WARNING * * *
You closely miss unh01y's ghost.
Unh01y's ghost is severely damaged.
You slash unh01y's ghost!
Unh01y's ghost is severely damaged.
Unh01y's ghost hits you but does no damage.
You hit unh01y's ghost but do no damage.
Unh01y's ghost is severely damaged.
Unh01y's ghost hits you but does no damage.
You barely miss unh01y's ghost.
Unh01y's ghost is severely damaged.
Unh01y's ghost hits you.
* * * LOW HITPOINT WARNING * * *
You hit unh01y's ghost but do no damage.
Unh01y's ghost is severely damaged.
Unh01y's ghost ripples.
Unh01y's ghost hits you!
You die...
Your body crumbles into a pile of gold.

## .# .# #############
.# #...........# .#
######...........#
.###....#...........##
.....................+
....................##
.###....#.......♣...#
.# #....##....##W####
.# #....##....##(.# .#
#....##......(........
##
#....##.(..###.#######
#....###+#.# #..
#....# .# .... ##
#....# .$.. .. ......
.....


You could see unh01y's ghost.

Vanquished Creatures
  Sigmund (D:3)
  A howler monkey (D:4)
  A hound (D:3)
  Crazy Yiuf (D:3)
  A centaur skeleton (D:4)
  Terence (D:3)
  Natasha (D:3)
  An orc wizard (D:4)
  A worker ant (D:4)
  5 adders
  2 oozes (D:4)
  A worm (D:2)
  3 dart slugs
  2 giant geckos
  3 orcs
  A ball python (D:2)
  5 bats
  4 giant cockroaches
  3 hobgoblins
  3 jackals (D:4)
  10 kobolds
  A quokka (D:3)
  A giant gecko zombie (D:3)
  3 giant newts
  8 goblins
  6 rats
70 creatures vanquished.

Notes
Turn   | Place    | Note
--------------------------------------------------------------
     0 | D:1      | Chiseanne the Demonspawn Wizard began the quest for the Orb.
     0 | D:1      | Reached XP level 1. HP: 13/13 MP: 4/4
   489 | D:1      | Gained mutation: You are partially covered in rugged brown scales (AC +1, +3% HP). [demonic ancestry]
   489 | D:1      | Reached XP level 2. HP: 13/19 MP: 3/6
  1652 | D:1      | Learned a level 2 spell: Blink
  1655 | D:1      | Learned a level 2 spell: Repel Missiles
  1683 | D:1      | Gained mutation: When hurt, damage is shared between your health and your magic reserves. [demonic ancestry]
  1683 | D:1      | Reached XP level 3. HP: 11/25 MP: 0/7
  1732 | D:1      | Reached skill level 1 in Fighting
  2001 | D:2      | Found a faded altar to an unknown god.
  2846 | D:3      | Reached XP level 4. HP: 32/32 MP: 3/9
  2925 | D:3      | Found an opulent altar of Gozag.
  2947 | D:3      | Became a worshipper of Gozag Ym Sagoz the Greedy
  3016 | D:3      | Learned a level 3 spell: Mephitic Cloud
  3016 | D:3      | Noticed Crazy Yiuf
  3036 | D:3      | Killed Crazy Yiuf
  3126 | D:3      | Noticed Terence
  3135 | D:3      | Killed Terence
  3258 | D:3      | Found a stormy altar of Qazlal.
  3263 | D:3      | Found a blossoming altar of Fedhas.
  3310 | D:3      | Gained mutation: You sometimes gain a little power by taking damage. [demonic ancestry]
  3310 | D:3      | Reached XP level 5. HP: 34/38 MP: 1/11
  3311 | D:3      | Noticed Natasha
  3619 | D:3      | Noticed Sigmund
  3638 | D:3      | Killed Sigmund
  3638 | D:3      | Reached skill level 5 in Spellcasting
  3638 | D:3      | Gained mutation: You are mostly covered in rugged brown scales (AC +2, +5% HP). [demonic ancestry]
  3638 | D:3      | Reached XP level 6. HP: 22/45 MP: 0/13
  3897 | D:3      | Killed Natasha
  3904 | D:3      | Learned a level 3 spell: Conjure Flame
  4190 | D:4      | Found an opulent altar of Gozag.
  4303 | D:4      | Reached skill level 5 in Conjurations
  4493 | D:4      | Noticed unh01y's ghost (amateur MiFi)
  4525 | D:4      | Slain by unh01y's ghost

Skill      XL: |  1  2  3  4  5  6 |
---------------+-------------------+-----
Conjurations   | 2 3 4 5 |  5.1
Fighting       | 1 |  1.0
Spellcasting   | 4 5 |  5.4
Dodging        | |  1.7
Stealth        | |  1.7
Summonings     | |  1.0
Translocations | |  0.8

Action                   |  1- 3 |  4- 6 || total
-------------------------+-------+-------++-------
Melee: Short sword       |    29 |       ||    29
       Long sword        |       |    52 ||    52
Throw: Javelin           |       |     6 ||     6
       Tomahawk          |       |     2 ||     2
 Cast: Magic Dart        |    90 |    95 ||   185
       Blink             |     2 |       ||     2
       Mephitic Cloud    |       |     1 ||     1
       Conjure Flame     |       |     1 ||     1
Evoke: Wand              |       |     3 ||     3
  Use: Scroll            |     7 |     5 ||    12
       Potion            |     1 |     2 ||     3
  Eat: Chunk             |     5 |     1 ||     6
       Bread ration      |       |     1 ||     1
       Beef jerky        |       |     1 ||     1
Armor: Robe              |    16 |    18 ||    34
       Skin              |       |     5 ||     5
Dodge: Dodged            |    33 |    37 ||    70
